 Dungeon Crawl Stone Soup version 0.20-a0-681-gf83e07f (webtiles) character file.

319 polly the Slasher (level 6, -4/47 HPs)
             Began as a Demonspawn Gladiator on Feb 18, 2017.
             Slain by Grinder (9 damage)
             ... on level 3 of the Dungeon.
             The game lasted 00:02:38 (1947 turns).

polly the Slasher (Demonspawn Gladiator)            Turns: 1947, Time: 00:02:39

Health: -4/47      AC:  3    Str: 16    XL:     6   Next: 21%
Magic:  6/6        EV: 13    Int:  9    God:
Gold:   130        SH:  0    Dex: 15    Spells: 5/5 levels left

rFire    + . .     SeeInvis .   a - +0 long sword
rCold    . . .     Gourm    .   b - +0 leather armour
rNeg     . . .     Faith    .   (no shield)
rPois    .         Spirit   .   (helmet restricted)
rElec    .         Reflect  .   (no cloak)
rCorr    .         Harm     .   (no gloves)
MR       .....                  (no boots)
Stlth    +.........             (no amulet)
Regen    0.2/turn               (no ring)
MPRegen  0.1/turn               (no ring)

@: exhausted
A: antennae 1, claws 1, demonic guardian 1, fire resistance 1
a: no special abilities


You were on level 3 of the Dungeon.
You were hungry.

You visited 1 branch of the dungeon, and saw 3 of its levels.

You collected 130 gold pieces.

Inventory:

Hand Weapons
 a - a +0 long sword (weapon)
Missiles
 d - 3 throwing nets (quivered)
Armour
 b - a +0 leather armour (worn)
 c - a +0 helmet
Jewellery
 r - an uncursed ring of see invisible {unknown}
Wands
 p - a wand of iceblast (3/15)
Scrolls
 e - a scroll of fog {unknown}
 h - 2 scrolls of immolation {unknown}
 i - a scroll of teleportation {unknown}
 j - a scroll of identify {unknown}
 q - a scroll of magic mapping {unknown}
 u - a scroll of recharging {unknown}
Potions
 n - a potion of agility
Comestibles
 f - 2 bread rations
 s - a royal jelly
 t - 2 chunks of flesh


   Skills:
 + Level 3.1 Fighting
 + Level 4.7 Long Blades
 + Level 1.8 Throwing
 + Level 2.2 Armour
 + Level 3.5 Dodging
 + Level 0.2 Stealth


You had 5 spell levels left.
You didn't know any spells.

Dungeon Overview and Level Annotations

Branches:
Dungeon (3/15)

Altars:

Annotations:
D:3 Grinder


Innate Abilities, Weirdness & Mutations

You have a pair of small antennae on your head.
A weak demonic guardian rushes to your aid.
You have sharp fingernails.
Your flesh is heat resistant. (rF+)


Message History

You are very lightly contaminated with residual magic.
It was a potion of cancellation.
Your magical effects are unravelling.
You feel magically purged.
Your magical contamination has completely faded away.
You feel yourself speed up.
You feel yourself slow down.
You feel a little less clever now.
You feel a little less agile now.
Your ufetubus hits Grinder but does no damage.
Your ufetubus closely misses Grinder.
Grinder misses your ufetubus.
Your ufetubus barely misses Grinder. x2
Things that are here:
a flail; a chain mail; the human corpse of Terence Your ufetubus hits Grinder.
Your ufetubus closely misses Grinder.
Grinder hits your ufetubus!
Your ufetubus dies!
Grinder shouts!
You closely miss Grinder.
Grinder is heavily wounded.
Grinder hits you!
You die...

#.........[....#
#$.....(.......#
#........$.....#
#..............##
#$.......5....)..
#............#
#.......ยง..##
#####5###### #5@#
##)# #.## #..#
##.# ###### #.#
#....# #.#
#)...### #.#
#....... #.#
#.....##


You could see Grinder and a friendly shadow imp.

Vanquished Creatures
  The ghost of NateTC the Poker, an amateur DrBe of Trog (D:3)
  Terence (D:3)
  Ijyb (D:2)
  An adder (D:3)
  A worm (D:2)
  4 dart slugs
  2 leopard geckos
  4 giant cockroaches
  10 goblins
  5 hobgoblins
  2 jackals (D:2)
  6 kobolds
  A ball python (D:1)
  3 bats (D:1)
  4 frilled lizards
  8 rats
54 creatures vanquished.

Notes
Turn   | Place    | Note
-------+----------+-------------------------------------------
     0 | D:1      | polly the Demonspawn Gladiator began the quest for the Orb.
     0 | D:1      | Reached XP level 1. HP: 16/16 MP: 1/1
   166 | D:1      | Gained mutation: You have a pair of small antennae on your head. [demonic ancestry]
   166 | D:1      | Reached XP level 2. HP: 15/22 MP: 2/2
   359 | D:1      | Reached skill level 3 in Long Blades
   542 | D:1      | Gained mutation: A weak demonic guardian rushes to your aid. [demonic ancestry]
   542 | D:1      | Reached XP level 3. HP: 18/27 MP: 3/3
   783 | D:2      | Noticed Ijyb
   791 | D:2      | Killed Ijyb
  1019 | D:2      | Reached XP level 4. HP: 28/34 MP: 4/4
  1912 | D:3      | Noticed Terence
  1912 | D:3      | Noticed Grinder
  1912 | D:3      | Noticed NateTC's ghost (amateur DrBe)
  1927 | D:3      | Killed Terence
  1927 | D:3      | Reached skill level 1 in Armour
  1933 | D:3      | HP: 2/51 [NateTC's ghost (1)]
  1936 | D:3      | Killed NateTC's ghost
  1936 | D:3      | Reached skill level 4 in Long Blades
  1936 | D:3      | Reached XP level 5. HP: 3/41 MP: 5/5
  1936 | D:3      | Reached XP level 6. HP: 4/47 MP: 6/6
  1942 | D:3      | Gained mutation: You have sharp fingernails. [potion of mutation]
  1942 | D:3      | Gained mutation: Your flesh is heat resistant. (rF+) [potion of mutation]
  1947 | D:3      | Slain by Grinder

Vault maps used:
D:1:      matt_arrival_spirals
D:2:      uniq_iyjb
D:3:      minmay_wonky_spiral, nicolae_overflow_hidden_temple, uniq_terence,
          uniq_grinder

Skill      XL: |  1  2  3  4 |
---------------+-------------+-----
Dodging        | 3 |  3.5
Long Blades    | 3 4 |  4.7
Armour         | 2 |  2.2
Fighting       | 3 |  3.1
Throwing       | |  1.8
Stealth        | |  0.2

Action                   |  1- 3 |  4- 6 || total
-------------------------+-------+-------++-------
Melee: Long sword        |    90 |    64 ||   154
  Use: Potion            |       |     7 ||     7
 Stab: Sleeping          |     1 |       ||     1
       Distracted        |       |     1 ||     1
  Eat: Chunk             |       |     3 ||     3
Armor: Leather armour    |    40 |     7 ||    47
Dodge: Dodged            |    80 |    38 ||   118
       Rpst.: Long sword |    30 |    14 ||    44
